Map: Lightshade LE

Players

Bunny

  • Race: Terran Terran
  • Spawn Location: 11:00

RagnaroK (SHIN) - Winner!

  • Race: Zerg Zerg
  • Spawn Location: 5:00

Event: IEM Katowice 2021

VOD

Have the link to the VOD?

Description

Time

  • Played on: Feb. 21, 2021, 9:45 a.m.
  • Length: 14:50

All games in this series

Show
View Real Time Build Order
Export as new Build Order

Bunny Terran 

Build Orders: Reaper Expand, Hellion Banshee 

Get SALT Encoding   

  12  0:00  SCV  
  13  0:12  SCV  
  14  0:17  Supply Depot  
  14  0:24  SCV  
  15  0:38  SCV  
  15  0:40  Barracks  
  16  0:44  Refinery  
  16  0:51  SCV  
  17  1:03  SCV  
  18  1:15  SCV  
  19  1:27  Reaper, Orbital Command  
  20  1:39  Command Center  
  20  1:50  Supply Depot  
  20  1:53  SCV  
  21  1:59  Marine  
  22  2:05  SCV  
  22  2:07  Factory  
  23  2:11  Refinery  
  23  2:17  SCV  
  23  2:22  Barracks Reactor  
  24  2:29  SCV  
  25  2:41  SCV  
  26  2:52  Orbital Command  
  26  2:53  SCV, Starport  
  27  3:01  Hellion  
  27  3:02  Hellion  
  27  3:05  SCV  
  32  3:07  Barracks Tech Lab  
  32  3:15  Supply Depot  
  32  3:17  SCV  
  32  3:18  SCV  
  34  3:23  Hellion x2  
  38  3:29  SCV  
  38  3:30  SCV  
  40  3:35  Banshee, Cloaking Field  
  40  3:38  Marine  
  44  3:41  SCV  
  44  3:42  SCV  
  44  3:46  Hellion  
  48  3:49  Hellion  
  50  3:56  Supply Depot  
  50  3:57  Barracks Tech Lab  
  50  3:58  SCV x2  
  52  4:10  SCV x2  
  54  4:18  Banshee  
  54  4:20  Command Center  
  54  4:22  SCV  
  58  4:25  SCV  
  58  4:26  Supply Depot  
  59  4:31  Stimpack  
  59  4:37  SCV  
  59  4:38  SCV  
  61  4:47  Barracks  
  61  4:48  Factory Reactor  
  61  4:49  SCV  
  61  4:50  SCV, Barracks  
  63  4:54  Supply Depot  
  63  5:01  Engineering Bay  
  63  5:02  SCV x2, Engineering Bay  
  65  5:10  Marine  
  65  5:14  SCV x2, Starport Reactor  
  68  5:15  Refinery  
  68  5:16  Refinery  
  68  5:26  SCV x2  
  70  5:29  Terran Infantry Armor Level 1, Terran Infantry Weapons Level 1  
  70  5:34  Marine  
  70  5:35  Marine x2, Siege Tank  
  76  5:46  Orbital Command  
  76  5:48  Marine x2  
  75  5:50  Medivac  
  75  5:52  SCV x2, Marine x2  
  75  5:54  Medivac, Supply Depot x2  
  75  5:55  Marine  
  84  6:05  Marine  
  84  6:06  Marine  
  84  6:07  Siege Tank, Orbital Command  
  84  6:09  Marine  
  84  6:10  SCV x2, Marine  
  93  6:17  Marine  
  94  6:23  Marine x2  
  96  6:27  SCV, Marine  
  96  6:28  SCV, Marine  
  100  6:33  SCV, Supply Depot x2  
  100  6:36  Combat Shield  
  100  6:38  Barracks  
  100  6:39  Siege Tank  
  105  6:40  SCV x2  
  105  6:41  Barracks  
  105  6:45  SCV  
  105  6:46  Marine x2  
  109  6:51  Marine x2  
  109  6:52  SCV, Marine  
  109  6:53  Medivac x2, SCV  
  105  6:57  SCV  
  105  7:01  Armory  
  106  7:02  Supply Depot  
  106  7:03  Refinery  
  106  7:04  SCV  
  106  7:05  SCV, Supply Depot  
  106  7:06  Supply Depot  
  108  7:09  SCV  
  108  7:11  Marine x3  
  108  7:13  Marine  
  108  7:14  Marine  
  114  7:16  SCV  
  114  7:17  SCV  
  114  7:21  SCV  
  114  7:22  Widow Mine  
  119  7:28  SCV  
  119  7:29  SCV  
  119  7:32  Command Center  
  119  7:34  Barracks Reactor x2  
  115  7:39  Marine  
  115  7:40  Marine x4  
  115  7:41  Medivac  
  102  7:45  Missile Turret x2  
  102  7:47  Medivac  
  102  7:48  Missile Turret  
  102  7:51  Widow Mine  
  104  7:54  Drilling Claws  
  104  7:57  Factory, Marine  
  105  8:01  SCV x3  
  105  8:02  Marine x4  
  111  8:06  Terran Infantry Weapons Level 2  
  111  8:12  Terran Infantry Armor Level 2  
  111  8:14  Widow Mine  
  113  8:23  Concussive Shells  
  113  8:26  Barracks, Refinery  
  113  8:27  Barracks x2  
  113  8:28  Marauder, Marine, Sensor Tower  
  113  8:32  Marine x5  
  121  8:39  Thor  
  127  8:42  Marine x2  
  127  8:43  Factory Reactor  
  129  8:51  Supply Depot  
  129  8:52  Supply Depot  
  129  8:56  Medivac x2  
  129  8:57  Marauder  
  129  9:02  SCV x2  
  137  9:03  SCV  
  137  9:06  Marine x7  
  145  9:15  Barracks Tech Lab x2  
  145  9:16  Barracks Tech Lab  
  143  9:19  Marauder, Marine  
  143  9:21  Widow Mine x2  
  143  9:22  Cyclone  
  143  9:23  Marine  
  154  9:27  Missile Turret  
  154  9:28  Missile Turret  
  154  9:31  Planetary Fortress  
  154  9:33  SCV x3, Missile Turret  
  154  9:38  Missile Turret  
  153  9:42  Marauder x4  
  153  9:43  Sensor Tower  
  161  9:49  Marine x6  
  161  9:50  Marine x2  
  161  9:52  Supply Depot x2  
  169  9:54  Widow Mine x2  
  169  9:55  Medivac x2, Supply Depot  
  179  10:07  Marauder x2  
  179  10:13  Command Center  
  179  10:14  Thor, Marauder x2  
  183  10:18  Widow Mine x2  
  193  10:34  Marauder  
  190  10:38  Marauder x2, Marine x7  
  190  10:39  Marauder  
  200  10:42  Command Center  
  200  10:47  Missile Turret  
  200  10:48  Missile Turret  
  200  10:49  Sensor Tower, Missile Turret x2  
  195  10:57  Marauder, Marine  
  195  10:58  Marine x4  
  195  11:02  Barracks  
  199  11:16  Widow Mine x2  
  198  11:23  Marauder  
  198  11:24  Marine  
  198  11:25  Marine x9  
  180  11:26  Medivac  
  180  11:27  Medivac  
  153  11:34  Marine  
  153  11:37  Widow Mine x2  
  153  11:39  Thor  
  139  11:41  Terran Infantry Weapons Level 3  
  139  11:42  Marine  
  139  11:43  Marine x6  
  144  11:48  Marauder x3  
  144  11:50  Barracks Tech Lab  
  144  11:52  Marauder  
  152  11:56  Medivac  
  152  11:57  Medivac  
  152  11:58  SCV x4  
  160  12:04  Widow Mine x2  
  160  12:07  Terran Infantry Armor Level 3  
  164  12:10  Marauder x4  
  164  12:11  Marine x5  
  164  12:13  Marauder  
  164  12:14  Marine x3  
  172  12:26  Medivac  
  172  12:27  Medivac  
  172  12:28  Widow Mine x2  
  178  12:31  Thor, Marauder  
  178  12:34  Missile Turret  
  178  12:35  Missile Turret  
  186  12:37  Marauder x3, Marine  
  183  13:03  Marauder x5, Marine x5  
  179  13:07  SCV x4  
  179  13:11  Marine x3  
  186  13:17  Sensor Tower  
  186  13:19  Widow Mine x3, SCV  
  193  13:21  Marine, Planetary Fortress  
  193  13:23  Marine x2  
  193  13:24  Marauder  
  193  13:25  Marauder  
  200  13:31  Marauder x3  
  200  13:33  Planetary Fortress  
  198  13:36  Marine x4  
  198  13:41  SCV  
  198  13:43  Widow Mine  
  163  14:04  Marauder x5, Marine x8  
  173  14:12  Widow Mine x3  
  177  14:21  Marine, Orbital Command  
  177  14:22  Marine x3  
  172  14:28  Marauder x5  
Show
View Real Time Build Order
Export as new Build Order

RagnaroK Zerg - Winner!

Build Orders: Hatch First, Muta Ling Bane 

Get SALT Encoding   

  12  0:00  Drone  
  13  0:12  Overlord  
  13  0:16  Drone  
  14  0:31  Drone x2  
  16  0:47  Hatchery  
  15  0:51  Drone  
  15  0:55  Drone  
  17  0:58  Drone  
  18  1:12  Spawning Pool  
  18  1:14  Drone  
  18  1:18  Drone  
  19  1:30  Drone  
  20  1:33  Extractor  
  19  1:51  Drone  
  20  1:59  Zergling x4, Queen  
  20  2:00  Drone, Queen  
  27  2:10  Overlord  
  27  2:12  Drone  
  28  2:19  Hatchery  
  27  2:23  Drone  
  27  2:29  Drone  
  29  2:35  Queen  
  31  2:38  Drone  
  31  2:42  Drone  
  32  2:46  Metabolic Boost  
  32  2:53  Overlord  
  32  2:55  Drone  
  33  2:59  Drone  
  33  3:00  Drone  
  33  3:04  Drone  
  36  3:13  Queen  
  36  3:14  Drone x2  
  36  3:18  Drone x2  
  42  3:21  Drone  
  42  3:24  Drone  
  44  3:29  Overlord  
  44  3:33  Queen  
  46  3:35  Drone  
  46  3:38  Drone  
  46  3:39  Drone  
  49  3:44  Overlord  
  49  3:46  Zergling x2  
  49  3:47  Zergling x6  
  53  3:49  Drone  
  53  3:53  Extractor  
  53  3:55  Queen  
  55  3:57  Drone  
  55  3:59  Drone  
  55  4:00  Overlord  
  55  4:02  Drone  
  59  4:04  Drone  
  59  4:06  Drone  
  59  4:08  Drone  
  62  4:11  Queen  
  62  4:14  Zergling x2  
  65  4:17  Drone  
  65  4:18  Baneling Nest  
  65  4:20  Drone x2  
  67  4:25  Overlord  
  67  4:26  Drone x2  
  67  4:28  Spore Crawler  
  67  4:30  Spore Crawler  
  67  4:34  Spore Crawler  
  67  4:37  Lair  
  66  4:40  Overlord, Extractor  
  66  4:41  Drone  
  66  4:44  Drone x2  
  66  4:45  Drone  
  69  4:48  Zergling x4  
  69  4:50  Drone x2  
  69  4:52  Drone  
  74  4:54  Overlord  
  74  4:59  Drone x4  
  78  5:02  Drone  
  78  5:03  Extractor x2  
  78  5:06  Drone x2  
  78  5:07  Drone  
  78  5:08  Drone  
  78  5:12  Drone x4  
  82  5:16  Drone  
  82  5:17  Drone  
  82  5:19  Drone  
  81  5:26  Drone x2  
  81  5:27  Drone x2  
  81  5:28  Drone  
  86  5:30  Drone x2  
  86  5:32  Drone x2  
  90  5:38  Overseer, Extractor  
  90  5:40  Extractor  
  88  5:46  Centrifical Hooks, Drone x2  
  90  5:52  Overlord  
  90  5:53  Spire  
  90  5:55  Overlord, Drone  
  90  5:56  Evolution Chamber  
  90  5:57  Evolution Chamber, Overlord  
  89  5:58  Drone x2  
  90  6:11  Drone  
  90  6:12  Zergling x12, Hatchery, Drone  
  90  6:17  Zergling x4  
  99  6:21  Zergling x6  
  99  6:24  Zergling x2  
  102  6:30  Zergling x10  
  102  6:32  Overlord x3  
  106  6:37  Overlord  
  106  6:40  Overlord  
  106  6:44  Zerg Melee Weapons Level 1, Zerg Ground Armor Level 1  
  103  6:55  Baneling x7  
  103  6:56  Baneling x2  
  103  6:57  Zergling x8  
  106  7:04  Mutalisk x3  
  106  7:05  Mutalisk x3  
  118  7:09  Zergling x12  
  118  7:12  Mutalisk  
  118  7:13  Baneling  
  118  7:14  Baneling  
  126  7:21  Zergling x4  
  128  7:27  Zergling x4  
  130  7:30  Zergling x6  
  130  7:32  Zergling x2  
  130  7:33  Zergling x6  
  134  7:40  Drone x3  
  134  7:43  Drone x2  
  135  7:51  Mutalisk x2  
  135  7:53  Hatchery  
  135  7:54  Overlord  
  135  7:57  Mutalisk x3, Zerg Flyer Weapons Level 1  
  144  7:59  Overlord  
  144  8:00  Pneumatized Carapace  
  144  8:09  Baneling x4  
  144  8:10  Overseer  
  144  8:13  Mutalisk  
  144  8:15  Hatchery  
  144  8:17  Overseer  
  144  8:18  Drone x7  
  152  8:20  Drone  
  152  8:24  Mutalisk  
  152  8:26  Drone x3  
  158  8:30  Baneling x6  
  158  8:34  Drone x2  
  158  8:35  Drone  
  158  8:36  Overlord  
  158  8:37  Overlord  
  161  8:45  Zerg Melee Weapons Level 2  
  160  8:53  Zerg Ground Armor Level 2  
  160  8:55  Drone x4  
  164  8:56  Extractor  
  164  8:57  Zergling x8  
  164  8:59  Baneling x2  
  164  9:00  Baneling  
  167  9:04  Zergling x10  
  172  9:10  Infestation Pit  
  171  9:17  Drone  
  171  9:19  Spine Crawler, Drone x3  
  171  9:21  Zergling x2, Extractor  
  171  9:22  Zergling x2  
  171  9:24  Baneling x12  
  175  9:28  Zergling x10  
  180  9:38  Mutalisk, Overlord  
  180  9:39  Mutalisk  
  180  9:43  Spore Crawler  
  180  9:45  Baneling x7  
  183  9:54  Hive  
  183  9:56  Overlord  
  183  9:57  Drone x2  
  185  10:00  Zergling x26  
  185  10:03  Burrow  
  185  10:06  Zerg Flyer Weapons Level 2  
  197  10:13  Overlord  
  196  10:19  Hatchery  
  196  10:20  Drone  
  196  10:22  Zergling x6  
  196  10:28  Baneling x20  
  199  10:42  Baneling x9  
  199  10:57  Zergling x14  
  200  10:59  Baneling  
  200  11:00  Baneling x2  
  199  11:06  Adrenal Glands  
  199  11:08  Ultralisk Cavern  
  199  11:10  Zerg Melee Weapons Level 3  
  197  11:12  Zergling x8  
  190  11:19  Zergling x32  
  183  11:25  Zergling x14  
  183  11:26  Zergling x24  
  183  11:30  Zerg Ground Armor Level 3  
  186  11:36  Zergling x18  
  186  11:38  Mutalisk x3  
  184  11:41  Zergling x2  
  184  11:45  Baneling  
  184  11:46  Baneling x6  
  185  11:51  Zergling x8  
  185  11:52  Zergling x14  
  196  11:54  Chitinous Plating  
  196  11:59  Zergling x8  
  200  12:01  Extractor  
  200  12:02  Baneling x8  
  200  12:04  Overseer  
  199  12:11  Baneling x5  
  199  12:17  Baneling x6  
  186  12:24  Zergling x34  
  186  12:29  Zergling x20  
  199  12:32  Baneling  
  199  12:33  Baneling x12  
  199  12:34  Zergling x4  
  200  12:47  Spine Crawler  
  200  12:49  Spore Crawler  
  187  12:58  Zergling x2  
  187  12:59  Zergling x30  
  175  13:06  Zergling x18, Ultralisk x2  
  175  13:07  Baneling  
  175  13:08  Baneling x3  
  196  13:13  Anabolic Synthesis  
  196  13:16  Baneling x11  
  196  13:17  Baneling  
  195  13:20  Zergling x10  
  199  13:31  Baneling x13  
  199  13:34  Zergling x10  
  196  13:40  Zergling x8  
  196  13:52  Zergling x24  
  196  13:58  Zergling x12  
  183  14:04  Zergling x38  
  196  14:12  Baneling x20  
  196  14:16  Zergling x2  
  196  14:17  Zergling x8  
  191  14:25  Zergling x14  

Tags
 
Add a new tag
Caveats
  • Supply blocks, unpowered buildings, or Contaminate may cause inaccurate times.
  • Supply counts are checked every 10 seconds.